 Dungeon Crawl Stone Soup version 0.28-a0-447-g1f95980246 (webtiles) character file.

Game seed: 10443288210706574868

40701 frimble the Slicer (level 14, 0/99 HPs)
             Began as an Octopode Warper on Sept 13, 2021.
             Was a High Priest of Cheibriados.
             Slain by a white ugly thing (30 damage)
             ... on level 14 of the Dungeon.
             The game lasted 00:40:34 (17072 turns).

frimble the Slicer (Octopode Warper)               Turns: 17072, Time: 00:40:34

Health: 0/99       AC:  7    Str: 30    XL:     14   Next: 12%
Magic:  20/20      EV: 23    Int: 39    God:    Cheibriados [*****.]
Gold:   306        SH:  7    Dex: 19    Spells: 9/17 levels left

rFire   + + +      SeeInvis .   V - +6 short sword of Fury {elec, rF++ Will- Dex-5 Stlth+}
rCold   . . .      Faith    .   u - +0 buckler
rNeg    . . .      Spirit   .   M - +2 hat {Int+3}
rPois   .          Reflect  .   r - amulet of regeneration
rElec   .          Harm     .   q - +4 ring of slaying
rCorr   +          Rampage  .   A - +4 ring of evasion
Will    ++...                   B - +6 ring of strength
Stlth   ++++++....              H - ring of protection from fire
HPRegen 1.26/turn               x - ring of the Mage {Wiz Will++ Int+3}
MPRegen 0.17/turn               Q - +4 ring of protection
                                Z - ring of resist corrosion
                                (no ring)

@: very slow
A: almost no armour, amphibious, 8 rings, camouflage 1, gelatinous body 1,
(nimble swimmer 1), tentacles
a: Renounce Religion, Bend Time, Temporal Distortion, Slouch, Step From Time


You were on level 14 of the Dungeon.
You worshipped Cheibriados.
Cheibriados was extremely pleased with you.
You visited 4 branches of the dungeon, and saw 19 of its levels.
You also visited: Bailey and Gauntlet.

You collected 2331 gold pieces.
You spent 2025 gold pieces at shops.

Inventory:

Hand Weapons
 b - a +0 hunting sling
 t - a +1 short sword of holy wrath
 V - the +6 short sword of Fury (weapon) {elec, rF++ Will- Dex-5 Stlth+}
   (You bought it in a shop on level 10 of the Dungeon)

   It occasionally discharges a powerful burst of electricity upon striking a
   foe.
   Dex:       It affects your dexterity (-5).
   rF:        It greatly protects you from fire.
   Will:      It decreases your willpower.
   Stlth:     It makes you more stealthy.
Missiles
 c - 9 boomerangs of dispersal
 d - 514 stones
 k - 51 poisoned darts
 z - 61 boomerangs (quivered)
 D - 2 throwing nets
 N - 7 silver javelins
Armour
 u - a +0 buckler (worn)
 M - a +2 hat of intelligence (worn)
 T - a +0 kite shield
Jewellery
 q - a +4 ring of slaying (left tentacle)
 r - an amulet of regeneration (around mantle)
 x - the ring of the Mage (on tentacle) {Wiz Will++ Int+3}
   (You took it off a minotaur in a Gauntlet)

   [ring of wizardry]

   It improves your spell success rate.
   Int:       It affects your intelligence (+3).
   Will:      It greatly increases your willpower.
 A - a +4 ring of evasion (right tentacle)
 B - a +6 ring of strength (on tentacle)
 H - a ring of protection from fire (on tentacle)
 Q - a +4 ring of protection (on tentacle)
 X - an amulet of magic regeneration
 Z - a ring of resist corrosion (on tentacle)
Wands
 a - a wand of digging (3)
 p - a wand of iceblast (3)
 s - a wand of flame (47)
 y - a wand of polymorph (11)
 C - a wand of mindburst (15)
 I - a wand of acid (10)
 O - a wand of paralysis (19)
Scrolls
 e - 2 scrolls of immolation
 h - 2 scrolls of enchant armour
 m - 4 scrolls of amnesia
 o - 9 scrolls of teleportation
 J - 4 scrolls of blinking
 L - a scroll of enchant weapon
 R - 3 scrolls of fog
Potions
 f - 2 potions of might
 g - 7 potions of haste
 i - 3 potions of heal wounds
 j - 7 potions of attraction
 l - a potion of brilliance
 n - a potion of cancellation
 v - 4 potions of flight
 w - 4 potions of berserk rage
 E - a potion of lignification
 G - 7 potions of curing
 S - a potion of ambrosia
 W - a potion of magic
 Y - a potion of resistance
Miscellaneous
 K - a tin of tremorstones (inert)
 P - a condenser vane (inert)
 U - a lightning rod (3/4)


   Skills:
 - Level 10.0 Fighting
 - Level 12.0 Short Blades
 - Level 6.0 Throwing
 - Level 10.0 Dodging
 - Level 7.0 Stealth
 + Level 9.2 Shields
 - Level 2.0 Spellcasting
 - Level 4.0 Translocations
 + Level 9.2 Invocations
 - Level 7.1 Evocations


You had 9 spell levels left.
You knew the following spells:

 Your Spells              Type           Power      Damage    Failure   Level
a - Blink                 Tloc           N/A        N/A       1%          2
b - Passage of Golubria   Tloc           N/A        N/A       3%          4
c - Passwall              Tmut/Erth      2%         N/A       2%          2

Your spell library contained the following spells:

 Spells                   Type           Power      Damage    Failure   Level
 Animate Skeleton         Necr           6%         N/A       1%          1
 Pain                     Necr           12%        1d4       1%          1
 Summon Small Mammal      Summ           12%        N/A       1%          1
 Gell's Gravitas          Tloc           17%        N/A       1%          3
 Lesser Beckoning         Tloc           35%        N/A       1%          3
 Teleport Other           Tloc           35%        N/A       1%          3
 Static Discharge         Conj/Air       3%         N/A       2%          2
 Call Canine Familiar     Summ           3%         N/A       5%          3
 Dazzling Flash           Conj/Hex       6%         N/A       5%          3
 Stone Arrow              Conj/Erth      6%         3d7       5%          3
 Summon Guardian Golem    Hex/Summ       3%         N/A       5%          3
 Vampiric Draining        Necr           1%         2d6       5%          3
 Iskenderun's Mystic Bla  Conj/Tloc      19%        2d6       8%          4
 Manifold Assault         Tloc           35%        N/A       9%          5
 Animate Dead             Necr           1%         N/A       16%         4
 Dispel Undead            Necr           3%         3d7       16%         4
 Sticky Flame             Conj/Fire      3%         2d3       16%         4
 Agony                    Necr           3%         N/A       41%         5
 Excruciating Wounds      Necr           1%         N/A       41%         5
 Silence                  Hex/Air        1%         N/A       41%         5
 Conjure Ball Lightning   Conj/Air       1%         3x3d6     92%         6
 Starburst                Conj/Fire      1%         6d3       92%         6
 Haunt                    Necr/Summ      1%         N/A       100%        7
 Storm Form               Tmut/Air       1%         N/A       100%        7
 Borgnjor's Revivificati  Necr           1%         N/A       100%        8
 Infestation              Necr           1%         N/A       100%        8
 Lehudib's Crystal Spear  Conj/Erth      1%         10d2      100%        8
 Necromutation            Tmut/Necr      1%         N/A       100%        8
 Death's Door             Necr           1%         N/A       100%        9
 Animate Armour           Summ/Erth      Unusable   N/A       N/A         4

Dungeon Overview and Level Annotations

Branches:
Dungeon (14/15)            Temple (1/1) D:4            Lair (3/6) D:8
  Swamp (0/4) Lair:3        Snake (0/4) Lair:3          Orc (1/2) D:9
 Vaults (0/5) D:13         Bailey (visited)         Gauntlet (visited)

Altars:
Ashenzari
Cheibriados
Dithmenos
Elyvilon
Fedhas
Gozag
Hepliaklqana
Kikubaaqudgha
Makhleb
Nemelex Xobeh
Okawaru
Qazlal
Ru
Sif Muna
Trog
Uskayaw
Vehumet
Wu Jian
Xom
Yredelemnul
Zin
The Shining One

Shops:
D:5 =   D:8 =   D:10 *!(   D:13 *

Portals:
Trove: D:10 (give 13 scrolls of teleportation)

Annotations:
D:5 1 runed translucent door, dolemite99's ghost, amateur MiGl
D:11 2 runed translucent doors, robertstho's ghost, journeyman DjFE
D:13 3 runed translucent doors, Ukaciemu's ghost, journeyman MiBe; Zaevetera's ghost, journeyman TeAE


Innate Abilities, Weirdness & Mutations

You cannot wear most types of armour.
You are amphibious.
You can wear up to eight rings at the same time.
Your skin changes colour to match your surroundings (Stealth+).
Your rubbery body absorbs attacks. (AC +1, EV +1)
((You are camouflaged near water. (Stealth+)))
You have tentacles for arms and can constrict up to eight enemies at once.


Message History

Things that are here:
23 arrows; a +2 shortbow of freezing
There is a stone staircase leading down here.
You climb downwards.
Found a leather armour.
There is a stone staircase leading up here.
A white ugly thing is nearby!
Unknown command.
Found 13 gold pieces.
A white ugly thing comes into view.
A white ugly thing comes into view.
The white ugly thing basks in the mutagenic energy from its kin and changes!
The helpless white ugly thing fails to defend itself.
You stick the white ugly thing like a pincushion!!!!
You kill the white ugly thing!
Cheibriados thoroughly appreciates the change of pace.
The brown ugly thing completely misses you.
The brown ugly thing gores you!
You are splashed with acid.
You resist.
You puncture the brown ugly thing! You grab the brown ugly thing.
You squeeze the brown ugly thing!
The brown ugly thing is moderately wounded.
You constrict the brown ugly thing.
The white ugly thing gurgles horribly!
You hear a horrible gurgling sound!
You impale the brown ugly thing!!
Lightning courses through the brown ugly thing!
The brown ugly thing is severely wounded.
You constrict the brown ugly thing. The brown ugly thing gores you.
You are splashed with acid.
You resist.
You puncture the brown ugly thing!
The brown ugly thing is almost dead.
You constrict the brown ugly thing. You puncture the brown ugly thing!
You kill the brown ugly thing!
Cheibriados appreciates the change of pace.
Your lightning rod (3/4) has regained one charge.
A white ugly thing comes into view.
The white ugly thing claws you! The white ugly thing freezes you!!
A hog comes into view.
The white ugly thing claws you! The white ugly thing freezes you!!
You die...

....$... ........ .
### #......... ..h
##......... #..
.........#
#..########........
#.uu@.......##..#...
#..########..<......#
... #.........# #
#.....[...#
#.........#
#.........#
###########


You could see 2 ugly things and a hog (wandering).

Vanquished Creatures
  Nessos (D:12)
  A minotaur (Gauntlet)
  Josephine (D:12)
  2 vault guards (D:13)
  Harold (D:8)
  2 hydras (Lair:2)
  A ghost crab (Gauntlet)
  A boulder beetle (D:12)
  2 centaur warriors
  3 two-headed ogres
  Pikel (D:8)
  2 wizards (D:13)
  An orb spider (shapeshifter) (D:13)
  3 necromancers (D:13)
  4 ugly things
  A cyclops (D:13)
  3 manticores
  A black mamba (Lair:2)
  A gargoyle (D:10)
  A cane toad (Lair:1)
  Psyche (D:8)
  A kobold demonologist (D:11)
  An unseen horror (D:12)
  4 komodo dragons
  A tengu conjurer (D:12)
  A guardian mummy (D:10)
  3 meliai (D:10)
  6 trolls
  3 hornets (Gauntlet)
  A wind drake (shapeshifter) (D:11)
  4 blink frogs (Lair:3)
  4 slime creatures (D:12)
  8 wraiths
  18 humans (D:13)
  A water elemental (D:13)
  30 yaks
  A vampire (D:13)
  3 wyverns
  8 vampire mosquitoes
  Menkaure (D:7)
  A naga (Lair:2)
  Duvessa (D:6)
  2 acid dragons
  9 water moccasins
  2 ice beasts
  11 orc warriors
  2 necrophages
  2 ogres
  10 centaurs
  2 kobold brigands
  5 bullfrogs
  3 scorpions
  Dowan (D:6)
  A wyvern skeleton (D:6)
  15 killer bees
  4 wights (D:8)
  An electric eel (D:13)
  3 crimson imps (D:3)
  3 centaur zombies
  A hound (D:7)
  A jelly (D:6)
  A bullfrog skeleton (D:5)
  A gnoll shaman (D:8)
  7 orc priests
  5 iguanas
  12 orc wizards
  12 gnolls
  A howler monkey skeleton (D:6)
  5 adders
  A white imp (Gauntlet)
  2 ufetubi
  An adder skeleton (D:5)
  2 dart slugs
  2 worms (D:2)
  36 orcs
  4 bats
  9 endoplasms
  4 giant cockroaches
  14 goblins
  12 hobgoblins
  2 jackals (D:4)
  28 kobolds
  2 quokkas
  9 ball pythons
  5 frilled lizards
  3 rats
393 creatures vanquished.

Vanquished Creatures (others)
  8 fungi
  4 plants
12 creatures vanquished.

Grand Total: 405 creatures vanquished

Notes
Turn   | Place    | Note
-------+----------+-------------------------------------------
     0 | D:1      | frimble the Octopode Warper began the quest for the Orb.
     0 | D:1      | Reached XP level 1. HP: 14/14 MP: 3/3
   218 | D:1      | Reached skill level 1 in Stealth
   272 | D:1      | Reached XP level 2. HP: 13/19 MP: 5/5
   741 | D:1      | Reached XP level 3. HP: 12/24 MP: 6/6
  1136 | D:1      | Found a faded altar of an unknown god.
  1274 | D:1      | Identified a scroll of acquirement
  1274 | D:1      | Acquired 1211 gold pieces
  1430 | D:1      | Learned a level 2 spell: Blink
  1652 | D:2      | Reached XP level 4. HP: 29/29 MP: 7/7
  2064 | D:2      | Reached skill level 3 in Short Blades
  2064 | D:2      | You fall into a shaft and drop 1 floor!
  2984 | D:3      | Reached XP level 5. HP: 30/34 MP: 8/8
  3030 | D:3      | Found a shimmering altar of Xom.
  3405 | D:3      | Reached XP level 6. HP: 39/39 MP: 9/9
  3800 | D:4      | Found a staircase to the Ecumenical Temple.
  3913 | D:4      | Reached skill level 4 in Short Blades
  4275 | D:4      | Reached skill level 5 in Stealth
  4607 | D:4      | You fall into a shaft and drop 1 floor!
  4607 | D:5      | Entered Level 5 of the Dungeon
  4616 | D:5      | Found Fitwif's Jewellery Boutique.
  4619 | D:5      | Bought a +4 ring of slaying for 936 gold pieces
  4619 | D:5      | Bought an amulet of regeneration for 360 gold pieces
  4740 | D:5      | Reached XP level 7. HP: 45/45 MP: 10/10
  4846 | D:5      | Found a shadowy altar of Dithmenos.
  4924 | D:5      | Noticed dolemite99's ghost (amateur MiGl)
  4953 | D:5      | Found a runed translucent door.
  5742 | D:6      | Reached skill level 1 in Shields
  5771 | D:6      | Found a snail-covered altar of Cheibriados.
  5795 | D:6      | You fall into a shaft and drop 3 floors!
  5826 | D:9      | Found a shimmering blue altar of Sif Muna.
  5991 | D:8      | Reached XP level 8. HP: 23/48 MP: 11/11
  6027 | D:8      | Reached skill level 5 in Short Blades
  6089 | D:8      | Found an opulent altar of Gozag.
  6266 | D:9      | Found a staircase to the Orcish Mines.
  6305 | D:9      | Noticed a wyvern
  6446 | D:8      | Found a stormy altar of Qazlal.
  6526 | D:8      | Reached skill level 5 in Throwing
  6633 | D:8      | Reached skill level 6 in Short Blades
  6668 | D:8      | Found a staircase to the Lair.
  6670 | D:8      | Noticed Harold
  6746 | D:7      | Noticed Pikel
  6769 | D:8      | Found Yzounat's Jewellery Emporium.
  6771 | D:8      | Killed Pikel
  6772 | D:8      | Reached skill level 7 in Short Blades
  6772 | D:8      | Reached XP level 9. HP: 27/54 MP: 12/12
  6832 | D:7      | Noticed Maggie
  6874 | D:6      | Reached skill level 8 in Short Blades
  7268 | D:6      | Found an ancient bone altar of Kikubaaqudgha.
  7395 | D:6      | Noticed Duvessa
  7395 | D:6      | Noticed Dowan
  7406 | D:6      | Killed Duvessa
  7407 | D:6      | Reached skill level 9 in Short Blades
  7417 | D:6      | Killed Dowan
  7611 | D:6      | Found an iron altar of Okawaru.
  7700 | D:6      | Found a hazy altar of Hepliaklqana.
  7829 | D:6      | Reached skill level 10 in Short Blades
  7962 | D:7      | Noticed Maggie
  7962 | D:7      | Maggie changed into Maggie the acid dragon
  7969 | D:7      | Killed Maggie the acid dragon
  8019 | D:7      | Found a white marble altar of Elyvilon.
  8121 | D:7      | Found a sacrificial altar of Ru.
  8122 | D:7      | Noticed Menkaure
  8126 | D:7      | Killed Menkaure
  8127 | D:7      | Reached XP level 10. HP: 30/60 MP: 13/13
  8209 | D:7      | Reached skill level 1 in Evocations
  8522 | D:8      | Noticed Psyche
  8525 | D:8      | Killed Psyche
  8526 | D:8      | Reached skill level 11 in Short Blades
  8701 | D:8      | Identified the +3 leather armour of the Old World {Rampage}
  8708 | D:8      | Found a glowing silver altar of Zin.
  8817 | D:8      | Killed Harold
  8935 | D:9      | Reached skill level 5 in Evocations
  8997 | D:9      | Reached skill level 12 in Short Blades
  9400 | D:9      | Reached XP level 11. HP: 30/64 MP: 14/14
  9604 | D:10     | Entered Level 10 of the Dungeon
  9636 | D:10     | Found Gaigurph's General Store.
  9643 | D:10     | Bought a potion of curing for 33 gold pieces
  9676 | D:10     | Learned a level 4 spell: Passage of Golubria
  9716 | D:10     | Found a portal to a secret trove of treasure.
  9762 | D:10     | Noticed a centaur warrior
  9823 | Lair:1   | Entered Level 1 of the Lair of Beasts
 10684 | Lair:2   | Noticed a four-headed hydra
 10693 | Lair:2   | Killed a four-headed hydra
 10694 | Lair:2   | Reached skill level 5 in Fighting
 10694 | Lair:2   | Reached skill level 5 in Dodging
 10939 | Temple   | Entered the Ecumenical Temple
 11086 | D:6      | Became a worshipper of Cheibriados the Contemplative
 11169 | Orc:1    | Entered Level 1 of the Orcish Mines
 11169 | Orc:1    | Noticed an orc warlord
 11169 | Orc:1    | Noticed a cyclops
 11172 | Orc:1    | Noticed an orc sorcerer
 11425 | D:9      | Reached * piety under Cheibriados
 11558 | Lair:2   | Noticed a four-headed hydra
 11737 | Lair:2   | Killed a four-headed hydra
 12163 | Lair:3   | Found a gate leading to a gauntlet.
 12173 | Gauntlet | Entered a Gauntlet
 12173 | Gauntlet | Found a transporter.
 12173 | Gauntlet | Found a transporter.
 12186 | Gauntlet | Found a transporter.
 12188 | Gauntlet | Found a transporter.
 12190 | Gauntlet | Noticed a catoblepas
 12196 | Gauntlet | Found a transporter.
 12200 | Gauntlet | Found a transporter.
 12202 | Gauntlet | Noticed a harpy
 12208 | Gauntlet | Found a transporter.
 12217 | Gauntlet | Noticed a manticore
 12217 | Gauntlet | an elephant changed into a manticore
 12219 | Gauntlet | Noticed a swamp dragon
 12219 | Gauntlet | a manticore changed into a swamp dragon
 12220 | Gauntlet | Noticed a two-headed ogre
 12220 | Gauntlet | a swamp dragon changed into a two-headed ogre
 12228 | Gauntlet | Found a transporter.
 12228 | Gauntlet | Noticed a ghost crab
 12248 | Gauntlet | Found a transporter.
 12249 | Gauntlet | Found a transporter.
 12257 | Gauntlet | Found a transporter.
 12261 | Gauntlet | Found a transporter.
 12261 | Gauntlet | Noticed a worldbinder
 12352 | Gauntlet | Reached XP level 12. HP: 80/80 MP: 15/15
 12356 | Gauntlet | Paralysed by a hornet for 1 turns
 12404 | Gauntlet | Killed a ghost crab
 12453 | Gauntlet | Noticed a minotaur
 12466 | Gauntlet | Killed a minotaur
 12495 | Lair:3   | Found a staircase to the Snake Pit.
 12583 | D:8      | Bought a +4 ring of protection for 504 gold pieces
 12745 | D:10     | Reached ** piety under Cheibriados
 12922 | D:10     | Noticed a two-headed ogre
 12929 | D:10     | Killed a two-headed ogre
 13140 | D:10     | Found Rill's Distillery.
 13183 | D:10     | Found Mibe's Antique Weapon Shoppe.
 13347 | D:10     | Killed a centaur warrior
 13347 | D:10     | Reached *** piety under Cheibriados
 13509 | D:11     | Got Meremean's Papyrus of Earth and the Birds
 13686 | D:11     | Reached skill level 1 in Invocations
 13772 | D:11     | Found a runed translucent door.
 13774 | D:11     | Noticed an ettin
 13775 | D:11     | Noticed a lich
 13775 | D:11     | Noticed a tengu reaver
 13776 | D:11     | Noticed an eight-headed hydra
 13777 | D:11     | Noticed robertstho's ghost (journeyman DjFE)
 13782 | D:11     | Found a runed translucent door.
 14125 | D:11     | Identified the +7 halberd of Damp Expedience {flame, *Noise
                  | rElec rN+ Str+4}
 14702 | D:12     | Found a flagged portal.
 14707 | D:12     | Noticed a two-headed ogre
 14714 | Bailey   | Entered a bailey
 14886 | Bailey   | Reached **** piety under Cheibriados
 15093 | D:12     | Reached XP level 13. HP: 69/92 MP: 13/16
 15104 | D:12     | Reached skill level 10 in Dodging
 15164 | D:12     | Reached skill level 10 in Fighting
 15198 | D:12     | Learned a level 2 spell: Passwall
 15246 | D:12     | Reached skill level 5 in Shields
 15248 | D:12     | Noticed Nessos
 15256 | D:12     | Killed Nessos
 15305 | D:10     | Bought a smoking short sword for 192 gold pieces
 15305 | D:10     | Identified the +6 short sword of Fury {elec, rF++ Will-
                  | Dex-5 Stlth+} (You bought it in a shop on level 10 of the
                  | Dungeon)
 15453 | D:12     | Reached skill level 5 in Invocations
 15468 | D:12     | Noticed Josephine
 15476 | D:12     | Killed Josephine
 16014 | D:13     | Reached ***** piety under Cheibriados
 16106 | D:13     | Found Atinolaqu's Assorted Antiques.
 16518 | D:13     | Found a runed translucent gate.
 16518 | D:13     | Found a runed translucent gate.
 16518 | D:13     | Found an ancient bone altar of Kikubaaqudgha.
 16518 | D:13     | Found a runed translucent gate.
 16518 | D:13     | Noticed Ukaciemu's ghost (journeyman MiBe)
 16519 | D:13     | Noticed a lich
 16519 | D:13     | Noticed Zaevetera's ghost (journeyman TeAE)
 16520 | D:13     | Noticed a lich
 16520 | D:13     | Noticed a lich
 16874 | D:13     | Found a gate to the Vaults.
 16875 | D:13     | Noticed a vault guard
 16875 | D:13     | Noticed a vault guard
 16882 | D:13     | Reached XP level 14. HP: 84/99 MP: 20/20
 17072 | D:14     | Slain by a white ugly thing

Illustrated notes

Levels and vault maps discovered:
D:1:      dpeg_arrival_morbid_curiosity, layout_rooms,
          hellmonk_ecumenical_altar_blasted, minmay_misc_feat_x,
          kennysheep_flooded_box, minmay_statues_item, amcnicky_mini_pool_small,
          minmay_heptomino_w4
D:2:      layout_loops_ring
D:3:      layout_loops_ring, led_xom_imps, kennysheep_generic_room_9
D:4:      layout_cave_pods, minmay_temple_entry_junction, minmay_three_crescents
D:5:      layout_loops_ring, nicolae_overflow_crystal_walls, serial_glass,
          glass_columns_b, glass_columns_a, glass_columns_b, glass_columns_b,
          glass_columns_b, hellmonk_ghost_happy_afterlife, serial_shops,
          nicolae_shop_statue_plus
D:6:      layout_loops_corners, mainiacjoe_overflow_catwalk,
          mainiacjoe_overflow_six_doors_small, kennysheep_slug_shrine,
          glass_columns_a, minmay_ruined_shrine, uniq_duvessa
D:7:      layout_gridville, elyvilon_altar_3, nicolae_ru_awakened_eye,
          uniq_menkaure, uniq_maggie, uniq_pikel
D:8:      layout_loops_ring, general_overflow_altar, grunt_gozag_statues,
          nicolae_qazlal_scattered_showers, lair_entry_dummy, serial_shops,
          nicolae_shop_window_shopping, uniq_psyche, uniq_harold
D:9:      layout_long_grid, lemuel_blue_sif_altar, orc_0_dummy, feat_on_display
D:10:     layout_roguey, serial_shops, shop, nicolae_diamond_shop,
          nicolae_shop_waterfront, nicolae_trove_entry_path_of_doom
D:11:     layout_loops_ring, muffindrake_ghost_dual_entry,
          kennysheep_generic_room_7
D:12:     layout_loops_ring, enter_bailey_5, uniq_nessos, uniq_josephine
D:13:     layout_basic, grunt_vaults_entry_tiered, gammafunk_ghost_crypt,
          serial_shops, nicolae_inconvenience_store
D:14:     layout_rooms, special_room [special_room_mythical_zoo],
          hangedman_decor_clover_reticule, minmay_librarian
Temple:   jpeg_temple_clearing
Lair:1:   layout_loops_ring, infiniplex_staircase_pool
Lair:2:   layout_roguey, grunt_megastairs_3, infiniplex_staircase_pool_2
Lair:3:   layout_gridlike, minmay_swamp_entry_reptiles,
          minmay_snake_entry_guardpost_small, gauntlet_entry_generic
Orc:1:    layout_caves, serial_shops, shop

Skill      XL: |  1  2  3  4  5  6  7  8  9 10 11 12 13 14 |
---------------+-------------------------------------------+-----
Stealth        | 1 2 3 4 5 6 7 |  7.0
Throwing       | 2 3 4 6 |  6.0
Short Blades   | 3 4 7 10 12 | 12.0
Translocations | 4 |  4.0
Shields        | 2 4 8 9 |  9.2
Evocations     | 7 |  7.1
Fighting       | 6 9 10 | 10.0
Dodging        | 7 9 10 | 10.0
Invocations    | 2 8 9 |  9.2
Spellcasting   | |  2.0

Action                   |  1- 3 |  4- 6 |  7- 9 | 10-12 | 13-15 || total
-------------------------+-------+-------+-------+-------+-------++-------
Melee: Short sword       |    70 |   132 |   209 |   511 |   163 ||  1085
       Constrict         |    17 |    29 |    41 |    56 |    20 ||   163
       Tentacles         |    10 |    18 |    35 |   138 |    57 ||   258
 Fire: Hunting sling     |       |    14 |    25 |       |       ||    39
Throw: Dart              |       |       |    41 |    30 |       ||    71
       Boomerang         |       |       |       |    26 |    20 ||    46
 Cast: Blink             |       |     2 |     3 |    11 |     2 ||    18
Evoke: Wand              |       |       |    16 |    26 |    11 ||    53
       Condenser vane    |       |       |       |     1 |     1 ||     2
       Lightning rod     |       |       |       |       |     3 ||     3
       Tin of tremorston |       |       |       |       |     2 ||     2
  Use: Scroll            |     7 |     5 |     7 |    11 |     3 ||    33
       Potion            |       |     1 |     3 |     2 |       ||     6
 Stab: Sleeping          |    10 |    12 |     7 |    11 |     7 ||    47
       Invisible         |       |       |       |     1 |       ||     1
       Distracted        |       |       |       |       |     2 ||     2
       Paralysed         |       |       |       |       |     1 ||     1
Armor: Skin              |     1 |     9 |     8 |    42 |    21 ||    81
Dodge: Dodged            |    36 |    60 |   118 |   270 |   132 ||   616
Block: Buckler           |       |       |     5 |    81 |    39 ||   125

Table legend: (Time is in decaauts)
 A = Elapsed time spent in this place.
 B = Non-inter-level travel time spent in this place.
 C = Inter-level travel time spent in this place.
 D = Time resting spent in this place.
 E = Time spent auto-exploring this place.
 F = Levels seen in this place.
 G = Mean time per level.
                   A        B        C        D        E       F      G
               +--------+--------+--------+--------+--------+-----+--------+
         Total |  19523 |  18017 |   1506 |     53 |  14567 |  21 |  929.7 |
       Dungeon |  16492 |  15118 |   1374 |     24 |  12483 |  14 | 1178.0 |
        Temple |     85 |     72 |     13 |      0 |     61 |   1 |   85.0 |
          Lair |   2014 |   1898 |    116 |      9 |   1605 |   3 |  671.3 |
  Orcish Mines |      9 |      9 |      0 |      0 |      0 |   1 |    9.0 |
        Bailey |    541 |    541 |      0 |      0 |    275 |   1 |  541.0 |
      Gauntlet |    379 |    379 |      0 |     20 |    142 |   1 |  379.0 |
               +--------+--------+--------+--------+--------+-----+--------+

Top non-repeatable levels by time:
    D:11: 1991 daAuts
    D:13: 1791 daAuts
     D:1: 1439 daAuts
     D:4: 1354 daAuts
     D:8: 1351 daAuts
    D:10: 1309 daAuts
    D:12: 1218 daAuts
     D:9: 1196 daAuts
     D:3: 1177 daAuts
     D:6: 1176 daAuts
     D:2: 1150 daAuts
  Lair:2: 1022 daAuts
  Lair:1: 879 daAuts
     D:5: 675 daAuts
     D:7: 644 daAuts
